 Dungeon Crawl Stone Soup version 0.17-a0-1554-g3b847ca (webtiles) character file.

32 Gorice the Skirmisher (level 3, -1/22 HPs)
             Began as a Gargoyle Wanderer on July 19, 2015.
             Killed by nerve-wracking pain
             ... invoked by Jessica
              (7 damage)
             ... on level 2 of the Dungeon.
             The game lasted 00:03:06 (521 turns).

Gorice the Skirmisher (Gargoyle Wanderer)            Turns: 521, Time: 00:03:07

Health: -1/22      AC:  9    Str: 15    XL:     3   Next: 27%
Magic:  6/6        EV:  9    Int: 13    God:
Gold:   0          SH:  0    Dex:  9    Spells: 0 memorised, 6 levels left

rFire  . . .     SeeInvis .     a - +0 mace
rCold  . . .     Clarity  .     k - +0 scale mail
rNeg   + . .     SustAt   .     (no shield)
rPois  ∞         Gourm    .     (no helmet)
rElec  +         Spirit   .     (no cloak)
rCorr  .         Warding  .     (no gloves)
rMut   .         Stasis   .     (no boots)
MR     .....                    (no amulet)
Stlth  ..........               (no ring)
                                (no ring)

@: not resistant to hostile enchantments, extremely unstealthy
A: negative energy resistance 1, electricity resistance, unbreathing,
petrification resistance, rot immunity, AC +3
a: no special abilities


You were on level 2 of the Dungeon.
You were not hungry.

You visited 1 branch of the dungeon, and saw 2 of its levels.

Inventory:

Hand weapons
 a - a +0 mace (weapon)
 d - a +0 club
Missiles
 Z - 23 stones (quivered)
Armour
 b - a +0 ring mail
 k - a +0 scale mail (worn)
Scrolls
 c - a scroll of teleportation {!r}
 j - a scroll of remove curse
Potions
 f - a potion of curing {unknown}
 i - a potion of might {!q}
 l - a potion of haste {unknown}
 m - a potion of heal wounds {unknown}
Books
 h - a book of Minor Magic
Comestibles
 e - a bread ration {!e}
 g - 2 chunks of flesh


   Skills:
 + Level 2.8 Fighting
 * Level 2.6 Maces & Flails
 - Level 1.1 Stealth
   Level 1.1 Shields
 - Level 2.0 Spellcasting
   Level 2.4 Necromancy


You had 6 spell levels left.
You didn't know any spells.

Dungeon Overview and Level Annotations

Branches:
Dungeon (2/15)

Altars:

Annotations:
D:2 Jessica


Innate Abilities, Weirdness & Mutations

You are resistant to torment.
Your stone body is resilient (AC +3).
You are immune to poison.
You resist negative energy.
You are resistant to electric shocks.
You can survive without breathing.
You are immune to petrification.
You are immune to rotting.


Message History

Your scale mail prevents you from hitting the adder.
The adder is almost dead.
The bat barely misses you. The adder barely misses you.
The adder barely misses you.
You closely miss the adder.
The adder is almost dead.
The bat hits you but does no damage. The bat closely misses you.
The adder closely misses you. The bat hits you but does no damage.
The adder bites you.
Damage: 1 (max 3)
You barely miss the adder.
The adder is almost dead.
The bat barely misses you. The adder bites you.
Damage: 1 (max 3)
You hit the adder.
You kill the adder!
You have reached level 3!
Your experience leads to an increase in your attributes!
Increase (S)trength, (I)ntelligence, or (D)exterity?
You feel stronger. The bat misses you.
You sock the bat!
You kill the bat!
Things that are here:
a robe; a bat corpse; an adder corpse Butcher a bat corpse? [(y)es/(c)hop/(n)o/(a)ll/(q)uit/?]
You butcher the bat corpse.
You stop butchering the corpse.
Jessica hits you but does no damage.
Jessica drinks a potion.
Jessica seems to grow stronger.
Things that are here:
a robe; a chunk of flesh; an adder corpse You hit Jessica.
Jessica is moderately wounded.
Jessica closely misses you. Jessica hits you.
Damage: 2 (max 2)
You hit Jessica.
Jessica is severely wounded.
Jessica hits you.
* * * LOW HITPOINT WARNING * * *
Jessica barely misses you.
Damage: 1 (max 2)
You hit Jessica but do no damage.
Jessica is severely wounded.
Jessica hits you but does no damage. Jessica barely misses you.
You closely miss Jessica.
Jessica is severely wounded.
Jessica gestures at you while chanting. Pain shoots through your body!
You die...

#.........####
#.............
..#..........#
......$......# ##
.....8.....#....
....8.8....###.###
...8._.8..........
....8.8..#@#.#.###
.....8...#@#.#
.........#..<#
.......#######
...... ######


You could see Jessica.

Vanquished Creatures
  An adder (D:2)
  A ball python (D:1)
  3 bats
  3 giant cockroaches (D:1)
  2 goblins (D:1)
  A hobgoblin (D:1)
  3 kobolds (D:1)
  A giant newt (D:1)
  3 jackals (D:1)
  5 rats
23 creatures vanquished.

Notes
Turn   | Place    | Note
--------------------------------------------------------------
     0 | D:1      | Gorice the Gargoyle Wanderer began the quest for the Orb.
     0 | D:1      | Gorice set off with: a book of Minor Magic, a +0 ring mail, a scroll of teleportation {!r}, a +0 club, a bread ration {!e}
     0 | D:1      | Reached XP level 1. HP: 12/12 MP: 3/3
   115 | D:1      | Reached XP level 2. HP: 12/18 MP: 5/5
   262 | D:1      | Reached skill level 2 in Maces & Flails
   479 | D:2      | Found a faded altar to an unknown god.
   490 | D:2      | Noticed Jessica
   512 | D:2      | Reached XP level 3. HP: 8/22 MP: 6/6
   519 | D:2      | HP: 6/22 [Jessica (1)]
   521 | D:2      | Killed from afar by Jessica

Vault maps used:
D:1:      dpeg_arrival_concentric_ovals
D:2:      lemuel_round_altar, ecumenical_altar_2, uniq_jessica

Action                   || total
-------------------------++-------
Melee: Mace              ||    75
       Club              ||     6
  Use: Scroll            ||     1

Table legend:
 A = Turns spent in this place as a percentage of turns spent in the entire game.
 B = Non-inter-level travel turns spent in this place as a percentage of non-inter-level travel turns spent in the entire game.
 C = Inter-level travel turns spent in this place as a percentage of turns spent in this place.
 D = Turns resting spent in this place as a percentage of non-inter-level travel turns spent in this place.
 E = Turns spent auto-exploring this place as a percentage of non-inter-level travel turns spent in this place.
 F = Non-inter-level travel turns spent in this place divided by the number of levels of this place that you've seen.
                   A       B       C       D       E      F
               +-------+-------+-------+-------+-------+----------------------
         Total | 100.0 | 100.0 |   0.7 |   0.0 |   4.8 | 144.5
       Dungeon | 100.0 | 100.0 |   0.7 |   0.0 |   4.8 | 144.5
               +-------+-------+-------+-------+-------+----------------------

Vault maps used:
D:1:      dpeg_arrival_concentric_ovals
D:2:      lemuel_round_altar, ecumenical_altar_2, uniq_jessica
